 Seeded DCSS version 0.28-a0-1510-gd0f6b136d3 (webtiles) character file.

Game seed: 15378035470802135434 (custom seed)

441 murtidash the Magician (level 7, 0/45 HPs)
             Began as a Djinni Ice Elementalist on Jan 15, 2022.
             Slain by Pikel (4 damage)
             ... on level 4 of the Dungeon.
             The game lasted 00:05:27 (4080 turns).

murtidash the Magician (Djinni Ice Elementalist)    Turns: 4080, Time: 00:05:28

Health: 0/45       AC:  2    Str:  7    XL:     7   Next: 22%
Gold:   126        EV: 12    Int: 18    God:
                   SH:  0    Dex: 14

rFire   + + .      SeeInvis .   b - +1 dagger (elec)
rCold   x . .      Faith    .   (no shield)
rNeg    . . .      Spirit   .   l - +0 robe
rPois   ∞          Reflect  .   (no helmet)
rElec   .          Harm     .   (no cloak)
rCorr   .          Rampage  .   (no gloves)
Will    .....                   (boots unavailable)
Stlth   +++++.....              e - amulet of the acrobat
HPRegen 0.15/turn               i - ring of Shadows {Umbra +Inv Stlth+}
MPRegen 0.00/turn               (no ring)

@: freezing walls, flying, wreathed by umbra
A: sickness immunity, fire resistance 2, cold vulnerability 1, float, innate
caster, hp casting, extra vitality 1
a: Evoke Invisibility


You were on level 4 of the Dungeon.
You visited 1 branch of the dungeon, and saw 4 of its levels.

You collected 126 gold pieces.

Inventory:

Hand Weapons
 a - a +2 dagger of venom
   (You took it off a goblin on level 3 of the Dungeon)
 b - a +1 dagger of electrocution (weapon)
   (You took it off an orc on level 3 of the Dungeon)
Armour
 l - a +0 robe (worn)
 o - the +0 chain mail of Sorcery {rPois rC- Str+8}
   (You took it off a hobgoblin on level 4 of the Dungeon)

   Str:       It affects your strength (+8).
   rC:        It makes you vulnerable to cold.
   rPois:     It protects you from poison.
Jewellery
 e - an amulet of the acrobat (around neck)
   (You found it on level 1 of the Dungeon)
 i - the ring of Shadows (left hand) {Umbra +Inv Stlth+}
   (You found it on level 2 of the Dungeon)

   [ring of stealth]

   It surrounds you with an aura of shadow, increasing your stealth and reducing
   the accuracy of all others within it.
   +Inv:      It lets you turn invisible.
   Stlth:     It makes you more stealthy.
Wands
 n - a wand of iceblast (9)
   (You found it on level 4 of the Dungeon)
Scrolls
 d - a scroll of brand weapon {unknown}
 f - 3 scrolls of magic mapping {unknown}
 g - a scroll of summoning {unknown}
 h - 3 scrolls of identify {unknown}
 k - a scroll of enchant armour {unknown}
 p - a scroll of fear {unknown}
Potions
 c - a potion of haste {unknown}
 j - a potion of invisibility {unknown}
 m - 2 potions of might {unknown}


   Skills:
 - Level 2.1 Dodging
 + Level 3.2 Stealth
 * Level 5.8 Spellcasting


You couldn't memorise any spells.
You knew the following spells:

 Your Spells              Type           Power      Damage    Failure   Level
c - Spider Form           Tmut/Pois      26%        N/A       3%          3
g - Frozen Ramparts       Ice            52%        1d7       3%          3
s - Slow                  Hex            100%       N/A       1%          1
w - Passwall              Tmut/Erth      21%        N/A       1%          2
A - Ozocubu's Armour      Ice            26%        N/A       3%          3
X - Hailstorm             Conj/Ice       26%        3d7       11%         4
Z - Freeze                Ice            100%       1d11      1%          1
Your spell library was empty.

Dungeon Overview and Level Annotations

Branches:
Dungeon (4/15)
 Temple: D:4-7

Altars:

Annotations:
D:4 Pikel


Innate Abilities, Weirdness & Mutations

You are immune to sickness and miasma.
You are immune to poison.
Your flesh is very heat resistant. (rF++)
You are vulnerable to cold. (rC-)
You float through the air rather than walking.
You learn spells naturally, not from books.
Your magical power is your life essence.
You have superior vitality. (+4 MHP)


Message History

The hail pelts the iguana but does no damage.
The wall freezes the iguana.
The iguana seems to slow down.
The wall freezes the lemure!
The lemure hits you but does no damage.
The wall freezes the lemure.
The lemure hits you!
You take 12 damage, and have 13/40 hp.
MASSIVE DAMAGE!!
The spell is quite dangerous to miscast (16% risk of failure)!
Continue anyway?
A cannonade of hail descends around you!
The hail pelts Sigmund!
You kill Sigmund!
The hail pelts the iguana!
You kill the iguana!
* * * LOW HITPOINT WARNING * * *
The wall freezes the lemure.
You kill the lemure!
That felt strangely unrewarding.
The wall freezes the lemure.
The lemure hits you but does no damage.
Your Stealth skill increases to level 3!
You have reached level 7!
The power to cast Spider Form wells up from within.
Spell assigned to 'c'.
You take 3 damage, and have 10/45 hp.
Your +2 dagger of venom stops dripping with poison.
You hear the crackle of electricity.
b - a +1 dagger of electrocution (weapon)
You hit the lemure but do no damage.
The wall freezes the lemure.
The lemure hits you but does no damage.
You barely miss the lemure.
The wall freezes the lemure.
The lemure barely misses you.
You hit the lemure but do no damage. Lightning courses through the lemure!
You kill the lemure!
That felt strangely unrewarding.
Your icy armour cracks and falls away as you move.
The frozen ramparts melt away as you move.
You start resting.
A gnoll comes into view. It is wielding a +0 spear.
You regained 25 hp, and now have 36/45 hp.
You don't know that spell.
This square is wreathed by an umbra.
The walls around you are covered in ice.
A gnoll comes into view. It is wielding a +0 halberd.
You take 3 damage, and have 33/45 hp.
The wall freezes the gnoll.
The wall freezes the gnoll!
The gnoll completely misses you.
The wall freezes the gnoll!
You kill the gnoll!
The frozen ramparts melt away.
There is an open door here.
p - a scroll labelled UTIOMA HIDWIK
Things that are here:
a +0 spear; a gnoll corpse Health restored: 45
Things that are here:
a +0 scythe; a +0 robe; the human skeleton of Sigmund
There is an open door here.
You see here an iguana skeleton.
Found a stone staircase leading up.
You now have 126 gold pieces (gained 13).
A gnoll comes into view. It is wielding a +0 spear.
The gnoll shouts!
A gnoll comes into view. It is wielding a +0 whip.
There is an open door here.
This square is wreathed by an umbra.
The walls around you are covered in ice.
The wall freezes the gnoll.
You take 3 damage, and have 42/45 hp.
The wall freezes the gnoll.
The gnoll misses you.
The wall freezes the gnoll!
You kill the gnoll!
The wall freezes the gnoll.
The wall freezes the gnoll.
The gnoll throws a javelin.
The javelin completely misses you.
The wall freezes the gnoll.
You kill the gnoll!
The frozen ramparts melt away.
This square is wreathed by an umbra.
The walls around you are covered in ice.
The gnoll shouts!
You take 3 damage, and have 40/45 hp.
Aim: Pikel, wielding a +0 whip of freezing and wearing a +0 robe (umbra)
You freeze Pikel!
A lemure comes into view.
Aim: Pikel, wielding a +0 whip of freezing and wearing a +0 robe (moderately wounded, umbra)
You freeze Pikel.
The lemure shouts!
The wall freezes Pikel.
Pikel hits you with a +0 whip of freezing!
Pikel freezes you.
The wall freezes the gnoll!
You take 15 damage, and have 25/45 hp.
MASSIVE DAMAGE!!
Aim: Pikel, wielding a +0 whip of freezing and wearing a +0 robe (heavily wounded, umbra)
You freeze Pikel.
The wall freezes Pikel.
Pikel hits you with a +0 whip of freezing.
Pikel freezes you.
The wall freezes the gnoll.
The gnoll barely misses you.
You take 11 damage, and have 14/45 hp.
MASSIVE DAMAGE!!
Aim: Pikel, wielding a +0 whip of freezing and wearing a +0 robe (severely wounded, umbra)
You freeze Pikel.
* * * LOW HITPOINT WARNING * * *
The wall freezes Pikel.
Pikel hits you with a +0 whip of freezing!
* * * LOW HITPOINT WARNING * * *
Pikel freezes you.
You die...

#####.#### ####
......... ...#####
#......#########...##.
#......#....#)##...##.
###..............#......
g...............(.......
.###'#g#...............
#.#..............#
#@#...#..........÷
#.K..............#
#..<.............#
........5.......<..#
................)...
##...........<.......
'...................
#..........###......
..........#........


You could see Pikel, a lemure and a gnoll.

Vanquished Creatures
  Sigmund (D:4)
  3 lemures (D:4)
  A water moccasin skeleton (D:4)
  3 orc priests (D:3)
  An iguana (D:4)
  3 gnolls (D:4)
  3 adders
  A worm (D:2)
  A dart slug (D:1)
  11 orcs
  4 bats
  2 endoplasms
  2 giant cockroaches
  8 hobgoblins
  3 quokkas
  4 ball pythons (D:3)
  A frilled lizard (D:2)
  4 goblins
  A kobold (D:3)
57 creatures vanquished.

Notes
Turn   | Place    | Note
-------+----------+-------------------------------------------
     0 | D:1      | murtidash the Djinni Ice Elementalist began the quest for
                  | the Orb.
     0 | D:1      | Reached XP level 1. HP: 15/15 MP: 0/0
   504 | D:1      | Reached XP level 2. HP: 17/21 MP: 0/0
   834 | D:1      | Found a faded altar of an unknown god.
  1210 | D:2      | Reached XP level 3. HP: 16/25 MP: 0/0
  1210 | D:2      | Learned a level 1 spell: Slow
  1488 | D:2      | Reached skill level 4 in Spellcasting
  1964 | D:2      | Found the ring of Shadows {Umbra +Inv Stlth+}
  2307 | D:3      | Reached XP level 4. HP: 24/31 MP: 0/0
  2521 | D:3      | Reached XP level 5. HP: 16/35 MP: 0/0
  2521 | D:3      | Learned a level 2 spell: Passwall
  2527 | D:3      | Reached skill level 2 in Stealth
  3192 | D:4      | Noticed a lemure
  3364 | D:4      | Reached skill level 5 in Spellcasting
  3399 | D:4      | Identified the +0 chain mail of Sorcery {rPois rC- Str+8}
  3448 | D:4      | Reached XP level 6. HP: 14/40 MP: 0/0
  3774 | D:4      | Noticed Pikel
  3774 | D:4      | Noticed Sigmund
  3792 | D:4      | Killed Sigmund
  3793 | D:4      | Reached skill level 3 in Stealth
  3793 | D:4      | Reached XP level 7. HP: 10/45 MP: 0/0
  3793 | D:4      | Learned a level 3 spell: Spider Form
  4080 | D:4      | HP: 4/45 [Pikel (9)]
  4080 | D:4      | Slain by Pikel

Illustrated notes

Levels and vault maps discovered:
D:1:      lightli_arrival_windingriver, layout_basic, basic_ecumenical_altar,
          hangedman_abyss_or_decor_lesser_grid
D:2:      layout_basic, minmay_misc_feat_rows
D:3:      layout_loops_ring, chequers_serial_rivers_micro_e
D:4:      layout_basic, minmay_small_thing, uniq_sigmund, uniq_grinder,
          uniq_pikel

Skill      XL: |  1  2  3  4  5  6 |
---------------+-------------------+-----
Spellcasting   | 4 5 |  5.8
Stealth        | 2 3 |  3.2
Dodging        | |  2.1

Action                   |  1- 3 |  4- 6 |  7- 9 || total
-------------------------+-------+-------+-------++-------
Melee: Unarmed           |     3 |       |       ||     3
       Dagger            |       |    19 |     3 ||    22
 Cast: Freeze            |    39 |    27 |     4 ||    70
       Frozen Ramparts   |     1 |     4 |     3 ||     8
       Hailstorm         |       |     3 |       ||     3
       Ozocubu's Armour  |       |     1 |       ||     1
Evoke: Wand              |       |     2 |       ||     2
 Stab: Sleeping          |       |     8 |       ||     8
Armor: Robe              |     3 |     8 |     1 ||    12
Dodge: Dodged            |    17 |    26 |     5 ||    48

Table legend: (Time is in decaauts)
 A = Elapsed time spent in this place.
 B = Non-inter-level travel time spent in this place.
 C = Inter-level travel time spent in this place.
 D = Time resting spent in this place.
 E = Time spent auto-exploring this place.
 F = Levels seen in this place.
 G = Mean time per level.
                   A        B        C        D        E       F      G
               +--------+--------+--------+--------+--------+-----+--------+
         Total |   4077 |   3985 |     92 |    166 |   3435 |   4 | 1019.2 |
       Dungeon |   4077 |   3985 |     92 |    166 |   3435 |   4 | 1019.2 |
               +--------+--------+--------+--------+--------+-----+--------+

Top non-repeatable levels by time:
     D:2: 1196 daAuts
     D:3: 1011 daAuts
     D:1: 1002 daAuts
     D:4: 867 daAuts

Table legend:
 A = Kills in this place as a percentage of kills in entire the game.
 B = Kills by you in this place as a percentage of kills by you in the entire game.
 C = Kills by friends in this place as a percentage of kills by friends in the entire game.
 D = Other kills in this place as a percentage of other kills in the entire game.
 E = Experience gained in this place as a percentage of experience gained in the entire game.
 F = Experience gained in this place divided by the number of levels of this place that you have seen.
                   A       B       C       D       E      F
               +-------+-------+-------+-------+-------+----------------------
         Total | 100.0 | 100.0 |   N/A |   N/A | 100.0 | 157.8
       Dungeon | 100.0 | 100.0 |   N/A |   N/A | 100.0 | 157.8
               +-------+-------+-------+-------+-------+----------------------
